 Dungeon Crawl Stone Soup version 0.31.0-11-ge490571c62 (webtiles) character file.

Game seed: 2176173605775178501

65 Bnni the Trooper (level 4, -1/37 HPs)
             Began as a Formicid Fighter on Feb 7, 2024.
             Slain by Crazy Yiuf
             ... wielding a +3 quarterstaff of chaos
              (12 damage)
             ... on level 2 of the Dungeon.
             The game lasted 00:02:47 (1438 turns).

Bnni the Trooper (Formicid Fighter)                 Turns: 1438, Time: 00:02:48

Health: -1/37      AC:  6    Str: 23    XL:     4   Next: 35%
Magic:  4/4        EV:  9    Int:  7    God:
Gold:   144        SH:  0    Dex: 13    Spells: 3/3 levels left

rFire   + . .        a - +0 trident
rCold   + . .        c - +0 buckler
rNeg    . . .        b - +0 scale mail
rPois   +            (helmet unavailable)
rElec   +            (no cloak)
rCorr   +            (no gloves)
SInv    +            (no boots)
Will    .....        (no amulet) Stlth
                     (no ring)
HPRegen 0.26/turn    (no ring)
MPRegen 0.09/turn

%: no passive effects
@: confused, mighty, resistant
A: permanent stasis, dig shafts and tunnels, antennae 3, four strong arms
a: Dig, Shaft Self


You were on level 2 of the Dungeon.
You visited 1 branch of the dungeon, and saw 2 of its levels.

You collected 144 gold pieces.

Inventory:

Hand Weapons
 a - a +0 trident (weapon)
Missiles
 k - 3 javelins
Armour
 b - a +0 scale mail (worn)
 c - a +0 buckler (worn)
Scrolls
 e - 3 scrolls of identify {unknown}
 f - a scroll of vulnerability {unknown}
 g - 3 scrolls of teleportation {unknown}
 i - 3 scrolls of immolation {unknown}
 j - a scroll of revelation {unknown}
 m - a scroll of silence {unknown}
Potions
 h - a potion of attraction {unknown}
 l - a potion of haste {unknown}


   Skills:
 + Level 4.1 Fighting
 * Level 3.6 Polearms
 - Level 3.2 Armour
 - Level 4.0 Shields


You had 3 spell levels left.
You didn't know any spells.
Your spell library contained the following spells:

 Spells                   Type           Power      Damage    Failure   Level
 Animate Dead             Necr           0%         N/A       100%        4
 Borgnjor's Vile Clutch   Necr/Erth      0%         N/A       100%        5
 Death Channel            Necr           0%         N/A       100%        6


Dungeon Overview and Level Annotations

Branches:
Dungeon (2/15)

Altars:

Annotations:
D:2 Crazy Yiuf


Innate Abilities, Weirdness & Mutations

You cannot be hasted, slowed, berserked, paralysed or teleported.
You can dig through walls and to a lower floor.
You have a pair of large antennae on your head. (SInv)
Your four strong arms can wield two-handed weapons with a shield.


Message History

You barely miss the endoplasm. You block the endoplasm's attack.
An endoplasm is nearby!
You puncture the endoplasm!
You kill the endoplasm!
A rat comes into view.
The rat squeaks loudly.
Found a stone staircase leading down.
A rat is nearby!
A rat is nearby!
You reach to attack!
You puncture the rat!
You kill the rat!
You now have 144 gold pieces (gained 7).
You see here an orb of mayhem.
No target in view!
m - a scroll labelled JAOBROI DARO No target in view!
You open the door.
Found a spear.
No target in view!
Found a hammer.
Found a runed translucent door.
No target in view!
Crazy Yiuf shouts!
You open the door. You hit Crazy Yiuf but do no damage.
Crazy Yiuf hits you with a +3 quarterstaff of chaos!
Crazy Yiuf cries, "Earwax!
Action pizzabubble wrapper."
Crazy Yiuf hits you with a +3 quarterstaff of chaos.
You are confused.
You are too confused!
You are too confused!
Okay, then.
You bump into the stone wall.
Crazy Yiuf hits you with a +3 quarterstaff of chaos.
You feel protected.
You bump into the stone wall.
Crazy Yiuf hits you with a +3 quarterstaff of chaos!
* * * LOW HITPOINT WARNING * * *
You feel very mighty all of a sudden.
Crazy Yiuf hits you with a +3 quarterstaff of chaos!
You die...

....................#
#.#
###############.#.#.#
#.#
..................>.#
#.#
#######.#############
#.# #....)'.# #.#
....###.# #.# #.#.#
#.##♣♣ ### #.#######
#.#.###.#..♣♣ ♣♣#..)#
#.#.....#
..#.#......P♣♣♣♣@g...#
#.#.###.#
#.#.#.#...PP.♣..♣#...#
#.#...#.#
###....(#...♣.♣♣♣ ###
#)#.#.#.#
##########♣♣♣♣♣
#...#.#.# ........#
#.#.#...#
†.......##### ####
#.#.#####
............# #..#
#.#.....#
............# #.#..#
#.#####.#
............#
#.#..#####.# #.#


You could see Crazy Yiuf.

Vanquished Creatures
  2 adders (D:2)
  An orc (D:2)
  4 ball pythons (D:1)
  4 bats
  A bat skeleton (D:2)
  3 endoplasms
  2 giant cockroaches (D:1)
  5 goblins
  3 hobgoblins
  3 jackals (D:1)
  4 kobolds
  2 quokkas (D:2)
  A ball python skeleton (D:2)
  A frilled lizard (D:1)
  A quokka skeleton (D:2)
  4 rats
41 creatures vanquished.

Notes
Turn   | Place    | Note
-------+----------+-------------------------------------------
     0 | D:1      | Bnni the Formicid Fighter began the quest for the Orb.
     0 | D:1      | Reached XP level 1. HP: 18/18 MP: 1/1
   106 | D:1      | Reached XP level 2. HP: 24/24 MP: 2/2
   350 | D:1      | Reached XP level 3. HP: 25/30 MP: 3/3
  1084 | D:2      | Reached XP level 4. HP: 36/36 MP: 4/4
  1430 | D:2      | Found a runed translucent door.
  1431 | D:2      | Noticed Crazy Yiuf
  1438 | D:2      | Slain by Crazy Yiuf

Illustrated notes

Levels and vault maps discovered:
D:1:      dpeg_arrival_round_b, layout_basic, minmay_pentomino_q4
D:2:      layout_basic, serial_undead, serial_undead_c, serial_undead_c,
          serial_undead_f, serial_undead_e, serial_undead_e, serial_undead_c,
          uniq_crazy_yiuf_cottage

Skill      XL: |  1  2  3 |
---------------+----------+-----
Polearms       | 3 |  3.6
Fighting       | 4 |  4.1
Armour         | |  3.2
Shields        | |  4.0

Action                     |  1- 3 |  4- 6 || total
---------------------------+-------+-------++-------
  Melee: Trident           |    94 |    19 ||   113
Ability: Dig               |     1 |       ||     1
    Use: Potion            |     1 |     1 ||     2
 Armour: Scale mail        |    55 |    10 ||    65
  Dodge: Dodged            |    49 |     5 ||    54
  Block: Buckler           |    30 |     3 ||    33
